 Dungeon Crawl Stone Soup version 0.28.0-45-g0d030f2227 (webtiles) character file.

Game seed: 5906291203361451875

209 zeratav the Insei (level 5, -1/36 HPs)
             Began as an Octopode Transmuter on Apr 5, 2022.
             Was an Initiate of Ashenzari.
             Slain by a river rat (6 damage)
             ... summoned by Eustachio
             ... on level 4 of the Dungeon.
             The game lasted 00:05:22 (4120 turns).

zeratav the Insei (Octopode Transmuter)             Turns: 4120, Time: 00:05:23

Health: -1/36      AC:  5    Str: 12    XL:     5   Next: 87%
Magic:  8/8        EV: 13    Int: 15    God:    Ashenzari [......]
Gold:   180        SH:  0    Dex: 12    Spells: 7/8 levels left

rFire   . . .      SeeInvis .     - Unarmed
rCold   . . .      Faith    .   (no shield)
rNeg    . . .      Spirit   .   (helmet restricted)
rPois   .          Reflect  .   (no amulet)
rElec   .          Harm     .   g - +4 ring of protection
rCorr   .          Rampage  .   (no ring)
Will    .....                   (no ring)
Stlth   ++........              (no ring)
HPRegen 0.12/turn               (no ring)
MPRegen 0.11/turn               (no ring)
                                (no ring)
                                (no ring)

@: no status effects
A: almost no armour, amphibious, 8 rings, camouflage 1, gelatinous body 1,
(nimble swimmer 1), tentacles
a: Renounce Religion


You were on level 4 of the Dungeon.
You worshipped Ashenzari.
Ashenzari was noncommittal.
You visited 1 branch of the dungeon, and saw 4 of its levels.

You collected 180 gold pieces.

Inventory:

Hand Weapons
 i - a +0 arbalest
Missiles
 a - 11 poisoned darts
Jewellery
 g - a +4 ring of protection (left tentacle)
 t - a ring of ice
Wands
 n - a wand of digging (1)
 r - a wand of iceblast (4)
Scrolls
 f - a scroll of identify {unknown}
 h - 2 scrolls of teleportation {unknown}
 j - 2 scrolls of brand weapon {unknown}
 l - a scroll of vulnerability {unknown}
 m - a scroll of magic mapping {unknown}
 o - 2 scrolls of enchant armour {unknown}
 p - a scroll of enchant weapon {unknown}
 q - a scroll of amnesia {unknown}
Potions
 b - 2 potions of degeneration {unknown}
 c - 2 potions of curing {unknown}
 d - a potion of brilliance {unknown}
 e - 3 potions of might {unknown}
 k - a potion of invisibility {unknown}
 s - a potion of heal wounds {unknown}


   Skills:
 * Level 2.8 Fighting
 + Level 2.7 Dodging
 * Level 4.1 Unarmed Combat
 + Level 2.4 Spellcasting
 + Level 2.8 Transmutations
 + Level 1.5 Ice Magic


You had 7 spell levels left.
You knew the following spells:

 Your Spells              Type           Power      Damage    Failure   Level
a - Beastly Appendage     Tmut           20%        N/A       7%          1

Your spell library contained the following spells:

 Spells                   Type           Power      Damage    Failure   Level
 Wereblood                Tmut           10%        N/A       10%         2
 Slow                     Hex            4%         N/A       22%         1
 Summon Small Mammal      Summ           4%         N/A       22%         1
 Spider Form              Tmut/Pois      6%         N/A       34%         3
 Ignite Poison            Fire/Tmut/Pois 4%         N/A       41%         3
 Call Canine Familiar     Summ           1%         N/A       54%         3
 Confusing Touch          Hex            1%         N/A       54%         3
 Conjure Flame            Conj/Fire      1%         6-21      54%         3
 Summon Guardian Golem    Hex/Summ       1%         N/A       54%         3
 Vampiric Draining        Necr           1%         2d6       54%         3
 Ice Form                 Ice/Tmut       8%         N/A       63%         4
 Fulminant Prism          Conj/Hex       0%         3d6       91%         4
 Iskenderun's Mystic Bla  Conj/Tloc      1%         2d3       91%         4
 Sticky Flame             Conj/Fire      1%         2d3       91%         4
 Lee's Rapid Deconstruct  Erth           0%         3d5*      99%         5


Dungeon Overview and Level Annotations

Branches:
Dungeon (4/15)
 Temple: D:4-7

Altars:
Ashenzari
Yredelemnul

Annotations:
D:4 Eustachio, Robin


Innate Abilities, Weirdness & Mutations

You cannot wear most types of armour.
You are amphibious.
You can wear up to eight rings at the same time.
Your skin changes colour to match your surroundings (Stealth+).
Your rubbery body absorbs attacks. (AC +1, EV +1)
((You are camouflaged when in or above water. (Stealth+)))
You have tentacles for arms and can constrict up to eight enemies at once.


Message History

You barely miss the goblin. Your grab misses the goblin.
You pierce the goblin.
You kill the goblin!
The goblin hits you with a +0 dagger. The goblin closely misses you.
Eustachio mumbles some strange words.
The goblin barely misses you. x2
You tentacle-slap the goblin.
You kill the goblin!
The goblin hits you with a +0 dagger. The goblin barely misses you.
The goblin misses you. The goblin hits you with a +0 dagger.
You tentacle-slap the goblin but do no damage.
Your grab misses the goblin.
Your tentacle spike misses the goblin.
The goblin barely misses you. The goblin hits you with a +0 dagger.
Robin barely misses you.
The hobgoblin hits you but does no damage.
You closely miss the goblin. You grab the goblin.
You pierce the goblin.
You kill the goblin!
The goblin barely misses you. The goblin closely misses you.
The hobgoblin hits you.
Robin hits you from afar with a +0 spear.
The goblin barely misses you.
You tentacle-slap the goblin.
You kill the goblin!
The goblin hits you with a +0 dagger.
* * * LOW HITPOINT WARNING * * *
The goblin closely misses you.
Eustachio gestures wildly while chanting.
Eustachio blinks!
The goblin barely misses you. The hobgoblin hits you.
* * * LOW HITPOINT WARNING * * *
Robin throws the goblin at you!
You tentacle-slap the goblin.
You kill the goblin!
The goblin closely misses you. x2; The hobgoblin closely misses you.
Robin hits you from afar with a +0 spear.
* * * LOW HITPOINT WARNING * * *
You tentacle-slap the river rat. Your grab misses the river rat.
Your tentacle spike misses the river rat.
The river rat is lightly wounded.
Your tentacle spike disappears.
The goblin barely misses you. The river rat bites you.
You die...

#........#
#......<.# ....#
#........# ....#
#........####....##
#.........#.##....#
#.........#..#....+
#.........'..#@g..#
#.........#..#gZ..#
#.........#..#@g..#
#####+####..#rg..#
#...'....+
#...#...§#
##+##.......
#####.... .... ...
≈≈


You could see Eustachio, Robin, a river rat (summoned), a hobgoblin (strong), 2
goblins and a hound skeleton.

Vanquished Creatures
  A scorpion (D:3)
  An orc priest (D:3)
  3 adders
  A shadow imp (D:3)
  An adder skeleton (D:4)
  A worm (D:3)
  A dart slug (D:1)
  5 orcs (D:3)
  4 ball pythons
  9 bats
  10 endoplasms
  10 goblins
  4 hobgoblins
  2 jackals (D:2)
  4 kobolds
  4 quokkas
  5 frilled lizards
  3 rats
69 creatures vanquished.

Vanquished Creatures (others)
  9 fungi (D:2)
  5 plants (D:2)
14 creatures vanquished.

Grand Total: 83 creatures vanquished

Notes
Turn   | Place    | Note
-------+----------+-------------------------------------------
     0 | D:1      | zeratav the Octopode Transmuter began the quest for the
                  | Orb.
     0 | D:1      | Reached XP level 1. HP: 13/13 MP: 3/3
     1 | D:1      | Noticed an electric eel
   375 | D:1      | Reached XP level 2. HP: 6/18 MP: 5/5
  1346 | D:2      | Reached XP level 3. HP: 21/24 MP: 6/6
  1455 | D:2      | Found a faded altar of an unknown god.
  2409 | D:3      | Reached XP level 4. HP: 29/29 MP: 7/7
  2440 | D:3      | Reached skill level 1 in Ice Magic
  2480 | D:3      | Found a basalt altar of Yredelemnul.
  2927 | D:3      | Found a broken altar of Ashenzari.
  2935 | D:3      | Became a worshipper of Ashenzari the Shackled
  3130 | D:3      | Reached XP level 5. HP: 35/35 MP: 8/8
  3493 | D:3      | Reached skill level 4 in Unarmed Combat
  4106 | D:4      | Noticed Eustachio
  4106 | D:4      | Noticed Robin
  4120 | D:4      | Slain by a river rat

Illustrated notes

Levels and vault maps discovered:
D:1:      arrival_aquarium_a, layout_basic, serial_glass, glass_columns_b,
          glass_columns_c, glass_columns_b, glass_columns_c,
          due_unseen_surprise, nrook_uturn
D:2:      layout_basic, dreamdust_ecumenical_altar_grove
D:3:      layout_basic, mainiacjoe_overflow_cross_hatched,
          cheibrodos_ashenzari_chains, chequers_serial_rivers_room_a,
          minmay_crystal_room, grunt_ministairs_8
D:4:      layout_gridville, mainiacjoe_overflow_brackets,
          minmay_large_rounded_square, uniq_eustachio, uniq_robin, uniq_sigmund,
          uniq_ijyb

Skill      XL: |  1  2  3  4  5 |
---------------+----------------+-----
Fighting       | 2 |  2.8
Ice Magic      | 1 |  1.5
Unarmed Combat | 4 |  4.1
Dodging        | |  2.7
Spellcasting   | |  2.4
Transmutations | |  2.8

Action                   |  1- 3 |  4- 6 || total
-------------------------+-------+-------++-------
Melee: Unarmed           |    76 |    66 ||   142
       Tentacles         |    17 |    13 ||    30
       Constrict         |    18 |    17 ||    35
       Kick              |       |    20 ||    20
       Punch             |       |     1 ||     1
 Cast: Beastly Appendage |     2 |    14 ||    16
Evoke: Wand              |       |     1 ||     1
 Stab: Sleeping          |     6 |     3 ||     9
Armor: Skin              |    19 |    16 ||    35
Dodge: Dodged            |    47 |    52 ||    99
